 Dungeon Crawl Stone Soup version 0.25-a0-990-g0adbbaad2a (webtiles) character file.

Game seed: 2494500048646088931, levelgen mode: deterministic

12 P0NYSLAYSTATION the Skirmisher (level 2, -3/27 HPs)
             Began as a Minotaur Monk on May 10, 2020.
             Killed by nerve-wracking pain
             ... invoked by Grinder
              (14 damage)
             ... on level 3 of the Dungeon.
             The game lasted 00:02:44 (378 turns).

P0NYSLAYSTATION the Skirmisher (Minotaur Monk)       Turns: 378, Time: 00:02:44

Health: -3/27      AC:  5    Str: 15    XL:     2   Next: 20%
Magic:  1/1        EV: 12    Int:  7    God:
Gold:   49         SH:  0    Dex: 12    Spells: 1/1 levels left

rFire    . . .     SeeInvis .   a - +0 falchion
rCold    . . .     Gourm    .   (no shield)
rNeg     . . .     Faith    .   i - +0 ring mail
rPois    .         Spirit   .   (helmet restricted)
rElec    .         Reflect  .   (no cloak)
rCorr    .         Harm     .   (no gloves)
MR       .....                  (no boots)
Stlth    +.........             (no amulet)
HPRegen  0.09/turn              (no ring)
MPRegen  0.07/turn              (no ring)

@: no status effects
A: retaliatory headbutt, horns 2
a: no special abilities


You were on level 3 of the Dungeon.
You were not hungry.

You visited 1 branch of the dungeon, and saw 3 of its levels.

You collected 49 gold pieces.

Inventory:

Hand Weapons
 a - a +0 falchion (weapon)
Armour
 b - a +0 robe
 i - a +0 ring mail (worn)
Scrolls
 d - a scroll of teleportation {unknown}
 g - a scroll of identify {unknown}
 h - a scroll of random uselessness {unknown}
Potions
 e - a potion of curing {unknown}
 j - a potion of experience {unknown}
Comestibles
 c - 3 rations
 f - 5 chunks of flesh


   Skills:
 + Level 3.9 Fighting
 + Level 3.8 Long Blades
 + Level 3.5 Dodging
 + Level 1.7 Stealth


You had one spell level left.
You didn't know any spells.
Your spell library was empty.

Dungeon Overview and Level Annotations

Branches:
Dungeon (3/15)

Altars:

Annotations:
D:3 Grinder


Innate Abilities, Weirdness & Mutations

You reflexively headbutt those who attack you in melee.
You have a pair of horns on your head.


Message History

You barely resist. You closely miss Grinder. Your headbutt misses Grinder.
Grinder is lightly wounded.
Grinder hits you!
You writhe in agony.
You are too injured to fight recklessly!
You are too injured to fight recklessly!
There is a stone staircase leading up here.
You hit Grinder.
Grinder is lightly wounded.
Grinder closely misses you. You furiously retaliate!
You headbutt Grinder, but do no damage. You hit Grinder.
Grinder is lightly wounded.
Grinder hits you but does no damage. x2
You hit Grinder.
Grinder is lightly wounded.
Grinder gestures at you. Pain shoots through your body!
Ouch! That really hurt!
You die...

#.......# #.....รท.#
####....##.####
###....#####....##
#......# ##.....##
#......####.......#
#........##.......#
#####5.......##.......#
.............#..@5...##
#####.................#
...#.........#.......#
#....(.....##.......#
###..........###.....##
.....#.#.....# ##...##
#.........### #####
##..[.....#
###........##


You could see Grinder.

Vanquished Creatures
  A dart slug (D:1)
  A leopard gecko (D:3)
  3 hobgoblins
  2 frilled lizards
  A kobold (D:2)
  2 rats (D:1)
10 creatures vanquished.

Notes
Turn   | Place    | Note
-------+----------+-------------------------------------------
     0 | D:1      | P0NYSLAYSTATION the Minotaur Monk began the quest for the
                  | Orb.
     0 | D:1      | Reached XP level 1. HP: 19/19 MP: 0/0
     1 | D:1      | Noticed an electric eel
   164 | D:2      | Reached XP level 2. HP: 24/27 MP: 1/1
   343 | D:3      | Noticed Grinder
   378 | D:3      | Killed from afar by Grinder

Illustrated notes

Levels and vault maps discovered:
D:1:      arrival_aquarium_a, layout_basic
D:2:      layout_loops_ring, makhleb_blood_cavern_becter
D:3:      layout_rooms, first_ration, uniq_ijyb, uniq_grinder, uniq_terence

Action                   || total
-------------------------++-------
Melee: Falchion          ||    23
       Headbutt          ||     3
 Stab: Sleeping          ||     2
Armor: Ring mail         ||     3
Dodge: Dodged            ||     9
       Rpst.: Falchion   ||     3

Table legend:
 A = Non-vault XP
 B = Vault XP
 C = Vault XP percentage of total XP
 D = Non-vault monster count
 E = Vault monster count
 F = Vault count percentage of total count
                 A         B        C        D         E       F
            +---------+---------+-------+---------+---------+-------
      Total |      18 |       0 |   0.0 |      10 |       0 |   0.0
            +---------+---------+-------+---------+---------+-------
        D:1 |       8 |       0 |   0.0 |       4 |       0 |   0.0
        D:2 |       4 |       0 |   0.0 |       3 |       0 |   0.0
        D:3 |       6 |       0 |   0.0 |       3 |       0 |   0.0
            +---------+---------+-------+---------+---------+-------
